 Dungeon Crawl Stone Soup version 0.27-a0-1139-g28e009f8a6 (webtiles) character file.

Game seed: 9655118717274137801

1077 Cheivey the Shield-Bearer (level 8, -1/67 HPs)
             Began as a Gnoll Fighter on May 7, 2021.
             Succumbed to Duvessa's poison
             ... on level 5 of the Dungeon.
             The game lasted 00:04:48 (4697 turns).

Cheivey the Shield-Bearer (Gnoll Fighter)           Turns: 4697, Time: 00:04:49

Health: -1/67      AC: 11    Str: 17    XL:     8   Next: 29%
Magic:  12/12      EV:  9    Int:  7    God:
Gold:   278        SH: 11    Dex: 13    Spells: 13/13 levels left

rFire    . . .     SeeInvis .   a - +0 war axe
rCold    . . .     Faith    .   c - +1 kite shield
rNeg     . . .     Spirit   .   b - +0 scale mail
rPois    .         Reflect  .   (no helmet)
rElec    .         Harm     .   (no cloak)
rCorr    .         Rampage  .   (no gloves)
Will     .....                  (no boots)
Stlth    +.........             (no amulet)
HPRegen  0.21/turn              e - +4 ring of protection
MPRegen  0.13/turn              (no ring)

@: mighty, lethally poisoned (-1 -> -12), lit by a corona, glowing
A: fangs 1, strong nose, distributed training
a: no special abilities


You were on level 5 of the Dungeon.
You visited 1 branch of the dungeon, and saw 7 of its levels.

You collected 328 gold pieces.
You spent 50 gold pieces at shops.

Inventory:

Hand Weapons
 a - a +0 war axe (weapon)
Armour
 b - a +0 scale mail (worn)
 c - a +1 kite shield (worn)
Jewellery
 e - a +4 ring of protection (left hand)
 k - a +6 ring of strength
Wands
 j - a wand of paralysis (5)
Scrolls
 h - a scroll of fear
 i - a scroll of teleportation
Potions
 f - a potion of ambrosia
 g - 4 potions of heal wounds


   Skills:
 + Level 7.3 Fighting
 + Level 3.1 Short Blades
 + Level 3.1 Long Blades
 + Level 5.6 Axes
 + Level 3.1 Maces & Flails
 + Level 3.1 Polearms
 + Level 3.1 Staves
 + Level 3.1 Slings
 + Level 3.1 Bows
 + Level 3.1 Crossbows
 + Level 3.1 Throwing
 + Level 7.3 Armour
 + Level 3.1 Dodging
 + Level 3.1 Stealth
 + Level 7.3 Shields
 + Level 3.1 Unarmed Combat
 + Level 3.1 Spellcasting
 + Level 2.5 Conjurations
 + Level 2.5 Hexes
 + Level 2.5 Summonings
 + Level 2.5 Necromancy
 + Level 2.5 Translocations
 + Level 2.5 Transmutations
 + Level 2.5 Fire Magic
 + Level 2.5 Ice Magic
 + Level 2.5 Air Magic
 + Level 2.5 Earth Magic
 + Level 2.5 Poison Magic
 + Level 3.4 Invocations
 + Level 3.1 Evocations


You had 13 spell levels left.
You didn't know any spells.
Your spell library was empty.

Dungeon Overview and Level Annotations

Branches:
Dungeon (7/15)
 Temple: D:4-7

Altars:
Dithmenos
Elyvilon
Nemelex Xobeh
Wu Jian
The Shining One

Shops:
D:3 !

Annotations:
D:5 Dowan


Innate Abilities, Weirdness & Mutations

You have very sharp teeth.
Your uncanny sense of smell can sniff out nearby items.
Your experience applies equally to all skills.


Message History

You block Duvessa's attack.
Dowan casts a spell.
Dowan blinks!
You feel very sick. You block Duvessa's attack.
Dowan smirks and points a slender finger.
Dowan gestures at you while chanting.
You are outlined in light.
Unknown command.
You feel very sick. You block Duvessa's attack.
You slash Duvessa!
Duvessa is severely wounded.
You feel very sick. You block Duvessa's attack.
Duvessa says, "When magic and the sword combine, nothing stands against them."
Duvessa hits you with a +0 short sword of venom!
You are more poisoned.
You slash Duvessa!
You kill Duvessa!
Dowan seems overcome with grief, but rights himself reflexively soon after.
Dowan seems to find hidden reserves of power!
You feel extremely sick. Dowan gestures at you while chanting.
You block the stone arrow. Dowan gestures at you while chanting.
The stone arrow misses you.
* * * LOW HITPOINT WARNING * * *
You feel very sick.
Things that are here:
a +0 short sword of venom; a +0 ring mail; the elf corpse of Duvessa Unknown command.
* * * LOW HITPOINT WARNING * * *
You feel very sick. You block Dowan's attack.
Dowan hits you but does no damage.
Dowan points at you and mumbles some strange words.
The shard of ice hits you!
* * * LOW HITPOINT WARNING * * *
You barely miss Dowan.
You die...

..... ...# ....#...
.<.## ##......##....##
. ...... ..#......#..
......##..........# ..
###.#....... .....#
.##.....#...e##....# ∆
........##..@)...#
.#..............##..#
##.##.......!.....# #
##.................#
#....##.#..........##.
.....##.###.....#.....
#....#..###.##.##....<∆
...##....##.#..........
.......................


You could see Dowan (fast).

Vanquished Creatures
  Sigmund (D:5)
  Menkaure (D:5)
  Duvessa (D:5)
  An ice beast (D:5)
  A centaur (D:5)
  A phantom (D:4)
  A bullfrog (D:6)
  A scorpion (D:4)
  A water moccasin skeleton (D:5)
  A jelly (D:4)
  Jessica (D:2)
  2 iguanas
  An orc wizard (D:6)
  A gnoll (D:2)
  5 adders
  A white imp (D:6)
  An ufetubus (D:5)
  3 worms
  3 dart slugs
  6 orcs
  2 ball pythons (D:4)
  3 endoplasms (D:1)
  3 giant cockroaches
  2 goblins
  5 hobgoblins
  8 jackals
  5 kobolds
  4 quokkas
  6 bats
  5 frilled lizards
  3 rats
80 creatures vanquished.

Notes
Turn   | Place    | Note
-------+----------+-------------------------------------------
     0 | D:1      | Cheivey the Gnoll Fighter began the quest for the Orb.
     0 | D:1      | Reached XP level 1. HP: 23/23 MP: 1/1
   322 | D:1      | Reached XP level 2. HP: 25/29 MP: 2/2
   741 | D:1      | Reached XP level 3. HP: 35/35 MP: 3/3
  1194 | D:2      | Reached skill level 1 in Invocations
  1339 | D:2      | Reached skill level 1 in Short Blades
  1339 | D:2      | Reached skill level 1 in Long Blades
  1339 | D:2      | Reached skill level 1 in Maces & Flails
  1339 | D:2      | Reached skill level 1 in Polearms
  1339 | D:2      | Reached skill level 1 in Staves
  1339 | D:2      | Reached skill level 1 in Slings
  1339 | D:2      | Reached skill level 1 in Bows
  1339 | D:2      | Reached skill level 1 in Crossbows
  1339 | D:2      | Reached skill level 1 in Throwing
  1339 | D:2      | Reached skill level 1 in Dodging
  1339 | D:2      | Reached skill level 1 in Stealth
  1339 | D:2      | Reached skill level 1 in Unarmed Combat
  1339 | D:2      | Reached skill level 1 in Spellcasting
  1339 | D:2      | Reached skill level 1 in Evocations
  1500 | D:2      | Noticed Jessica
  1510 | D:2      | Killed Jessica
  1511 | D:2      | Reached XP level 4. HP: 41/41 MP: 5/5
  1631 | D:2      | Reached skill level 1 in Conjurations
  1631 | D:2      | Reached skill level 1 in Hexes
  1631 | D:2      | Reached skill level 1 in Summonings
  1631 | D:2      | Reached skill level 1 in Necromancy
  1631 | D:2      | Reached skill level 1 in Translocations
  1631 | D:2      | Reached skill level 1 in Transmutations
  1631 | D:2      | Reached skill level 1 in Fire Magic
  1631 | D:2      | Reached skill level 1 in Ice Magic
  1631 | D:2      | Reached skill level 1 in Air Magic
  1631 | D:2      | Reached skill level 1 in Earth Magic
  1631 | D:2      | Reached skill level 1 in Poison Magic
  2097 | D:3      | Found Daniw's Distillery.
  2107 | D:3      | Bought a potion of heal wounds for 50 gold pieces
  2461 | D:3      | Reached XP level 5. HP: 47/47 MP: 6/6
  2704 | D:3      | Found an ornate altar of the Wu Jian Council.
  2829 | D:4      | Found a sparkling altar of Nemelex Xobeh.
  2979 | D:4      | Found a glowing golden altar of the Shining One.
  3092 | D:4      | You fall into a shaft and drop 3 floors!
  3104 | D:7      | Noticed a black bear
  3107 | D:7      | Found a white marble altar of Elyvilon.
  3140 | D:6      | Reached XP level 6. HP: 40/53 MP: 8/8
  3425 | D:6      | Found a shadowy altar of Dithmenos.
  3518 | D:5      | Entered Level 5 of the Dungeon
  3521 | D:5      | Noticed an ice beast
  3524 | D:5      | Reached skill level 5 in Axes
  3533 | D:5      | Killed an ice beast
  3534 | D:5      | Reached XP level 7. HP: 43/59 MP: 10/10
  3541 | D:5      | Noticed Menkaure
  3550 | D:5      | Killed Menkaure
  4681 | D:5      | Noticed Sigmund
  4683 | D:5      | Noticed Duvessa
  4685 | D:5      | Noticed Dowan
  4687 | D:5      | Killed Sigmund
  4688 | D:5      | Reached XP level 8. HP: 65/67 MP: 12/12
  4694 | D:5      | Killed Duvessa
  4696 | D:5      | HP: 2/67 [Dowan/shard of ice (11)]
  4697 | D:5      | Succumbed to Duvessa's poison

Illustrated notes

Levels and vault maps discovered:
D:1:      nagdon_arrival_double_spiral, layout_basic, minmay_misc_feat_enclosed
D:2:      layout_loops_cross, minivault_19, cheibrodos_gnoll_hut, uniq_jessica
D:3:      layout_loops_ring, marbit_many_paths, serial_shops,
          nicolae_shop_crystal
D:4:      layout_basic, lemuel_doored_altar, amcnicky_altar_gilded
D:5:      kennysheep_big_flooded_room, layout_cave_pools,
          kennysheep_small_circle, uniq_menkaure, uniq_sigmund, uniq_duvessa,
          uniq_crazy_yiuf_cottage
D:6:      layout_basic, nicolae_overflow_crystal_walls,
          gammafunk_temple_overflow_forgotten, nicolae_elemental_shop,
          uniq_blork_the_orc
D:7:      layout_basic, nicolae_vehumet_radiance, pf_just_have_faith,
          lemuel_crystal_altar, minmay_temple_entry_arrows,
          grunt_decor_fettered, kennysheep_nondescript, uniq_maggie

Skill      XL: |  1  2  3  4  5  6  7 |
---------------+----------------------+-----
Invocations    | 1 2 3 |  3.4
Short Blades   | 1 2 3 |  3.1
Long Blades    | 1 2 3 |  3.1
Maces & Flails | 1 2 3 |  3.1
Polearms       | 1 2 3 |  3.1
Staves         | 1 2 3 |  3.1
Slings         | 1 2 3 |  3.1
Bows           | 1 2 3 |  3.1
Crossbows      | 1 2 3 |  3.1
Throwing       | 1 2 3 |  3.1
Dodging        | 1 2 3 |  3.1
Stealth        | 1 2 3 |  3.1
Unarmed Combat | 1 2 3 |  3.1
Spellcasting   | 1 2 3 |  3.1
Evocations     | 1 2 3 |  3.1
Conjurations   | 1 2 |  2.5
Hexes          | 1 2 |  2.5
Summonings     | 1 2 |  2.5
Necromancy     | 1 2 |  2.5
Translocations | 1 2 |  2.5
Transmutations | 1 2 |  2.5
Fire Magic     | 1 2 |  2.5
Ice Magic      | 1 2 |  2.5
Air Magic      | 1 2 |  2.5
Earth Magic    | 1 2 |  2.5
Poison Magic   | 1 2 |  2.5
Axes           | 5 |  5.6
Fighting       | 7 |  7.3
Armour         | 7 |  7.3
Shields        | 7 |  7.3

Action                   |  1- 3 |  4- 6 |  7- 9 || total
-------------------------+-------+-------+-------++-------
Melee: War axe           |    82 |    99 |    59 ||   240
       Bite              |    10 |    11 |     6 ||    27
  Use: Scroll            |     3 |     5 |       ||     8
       Potion            |       |     2 |     4 ||     6
Armor: Scale mail        |    34 |    62 |    26 ||   122
Dodge: Dodged            |    26 |    45 |    21 ||    92
Block: Kite shield       |    54 |    82 |    37 ||   173

Table legend: (Time is in decaauts)
 A = Elapsed time spent in this place.
 B = Non-inter-level travel time spent in this place.
 C = Inter-level travel time spent in this place.
 D = Time resting spent in this place.
 E = Time spent auto-exploring this place.
 F = Levels seen in this place.
 G = Mean time per level.
                   A        B        C        D        E       F      G
               +--------+--------+--------+--------+--------+-----+--------+
         Total |   4796 |   4639 |    157 |    252 |   3756 |   7 |  685.1 |
       Dungeon |   4796 |   4639 |    157 |    252 |   3756 |   7 |  685.1 |
               +--------+--------+--------+--------+--------+-----+--------+

Top non-repeatable levels by time:
     D:1: 1166 daAuts
     D:4: 1124 daAuts
     D:2: 962 daAuts
     D:3: 684 daAuts
     D:5: 421 daAuts
     D:6: 392 daAuts
     D:7: 44 daAuts
